 Dungeon Crawl Stone Soup version 0.22.0-81-g402daae900 (webtiles) character file.

230 JedernureinKreuz the Conjurer (level 6, -5/44 HPs)
             Began as a Gnoll Conjurer on Sept 16, 2018.
             Was an Initiate of Sif Muna.
             Slain by a killer bee (6 damage)
             ... on level 3 of the Dungeon.
             The game lasted 00:12:30 (2837 turns).

JedernureinKreuz the Conjurer (Gnoll Conjurer)      Turns: 2837, Time: 00:12:31

Health: -5/44      AC:  4    Str: 10    XL:     6   Next: 3%
Magic:  10/13      EV: 14    Int: 19    God:    Sif Muna [......]
Gold:   170        SH:  6    Dex: 16    Spells: 14/15 levels left

rFire    . . .     SeeInvis .   q - +1 dagger (venom)
rCold    . . .     Gourm    .   i - +2 buckler
rNeg     . . .     Faith    .   C - +0 leather armour
rPois    .         Spirit   .   y - +0 helmet
rElec    .         Reflect  .   (no cloak)
rCorr    .         Harm     .   (no gloves)
MR       .....                  (no boots)
Stlth    +++.......             (no amulet)
HPRegen  0.14/turn              n - ring of wizardry
MPRegen  0.13/turn              r - ring of flight

@: lethally poisoned (-5 -> -20)
A: distributed training, fangs 1, strong nose
a: Renounce Religion, Evoke Flight


You were on level 3 of the Dungeon.
You worshipped Sif Muna.
Sif Muna was noncommittal.
You were not hungry.

You visited 1 branch of the dungeon, and saw 3 of its levels.

You collected 170 gold pieces.

Inventory:

Hand Weapons
 f - a +0 dagger
 q - a +1 dagger of venom (weapon)
 B - a +0 short sword
Missiles
 d - 11 poisoned needles
 l - 15 sling bullets
 p - 8 tomahawks (quivered)
 v - 12 arrows
Armour
 a - a +0 robe
 i - a +2 buckler (worn)
 y - a +0 helmet (worn)
 C - a +0 leather armour (worn)
Jewellery
 n - a ring of wizardry (left hand)
 r - a ring of flight (right hand)
 A - a +2 ring of dexterity {unknown}
Scrolls
 b - a scroll of remove curse {unknown}
 g - a scroll of teleportation {unknown}
 o - a scroll of fear {unknown}
 z - a scroll of fog {unknown}
Potions
 e - 2 potions of magic {unknown}
 h - a potion of invisibility {unknown}
 j - 3 potions of flight {unknown}
 k - 3 potions of resistance {unknown}
 s - a potion of mutation {unknown}
 t - a potion of berserk rage {unknown}
 u - 3 potions of ambrosia {unknown}
 w - 2 potions of curing {unknown}
 x - a potion of heal wounds {unknown}
Comestibles
 c - 5 rations
 m - 10 chunks of flesh


   Skills:
 + Level 1.7 Fighting
 + Level 1.7 Short Blades
 + Level 1.7 Long Blades
 + Level 1.7 Axes
 + Level 1.7 Maces & Flails
 + Level 1.7 Polearms
 + Level 1.7 Staves
 + Level 1.7 Slings
 + Level 1.7 Bows
 + Level 1.7 Crossbows
 + Level 1.7 Throwing
 + Level 1.7 Armour
 + Level 4.9 Dodging
 + Level 4.5 Stealth
 + Level 1.7 Shields
 + Level 1.7 Unarmed Combat
 + Level 5.2 Spellcasting
 + Level 7.2 Conjurations
 + Level 1.3 Hexes
 + Level 1.3 Charms
 + Level 1.3 Summonings
 + Level 1.3 Necromancy
 + Level 1.3 Translocations
 + Level 1.3 Transmutations
 + Level 1.3 Fire Magic
 + Level 1.3 Ice Magic
 + Level 1.3 Air Magic
 + Level 1.3 Earth Magic
 + Level 1.3 Poison Magic
 + Level 1.9 Invocations
 + Level 1.7 Evocations


You had 14 spell levels left.
You knew the following spells:

 Your Spells              Type           Power        Failure   Level  Hunger
a - Magic Dart            Conj           ####         1%          1    None

Your spell library contained the following spells:

 Spells                   Type           Power        Failure   Level  Hunger
 Searing Ray              Conj           ####..       1%          2    None
 Dazzling Spray           Conj/Hex       ###...       4%          3    ##.....
 Iskenderun's Mystic Bla  Conj           ####....     4%          4    ####...
 Force Lance              Conj/Tloc      ###.....     16%         4    ####...
 Fulminant Prism          Conj/Hex       ###.......   16%         4    ####...


Dungeon Overview and Level Annotations

Branches:
Dungeon (3/15)

Altars:
Cheibriados
Qazlal
Ru
Sif Muna
Vehumet


Innate Abilities, Weirdness & Mutations

Your experience applies equally to all skills.
You have very sharp teeth.
Your uncanny sense of smell can sniff out nearby items.


Message History

The killer bee is almost dead.
You feel sick. The killer bee closely misses you. x2
The killer bee stings you but does no damage.
You block the killer bee's attack.
You hit the killer bee.
You kill the killer bee!
Sif Muna accepts your kill.
You have reached level 6!
Your experience leads to an increase in your attributes!
Increase (S)trength, (I)ntelligence, or (D)exterity?
You feel clever.
You feel sick. You block the killer bee's attack.
The killer bee closely misses you. The killer bee stings you.
* * * LOW HITPOINT WARNING * * *
You miss the killer bee. The killer bee stings you!
* * * LOW HITPOINT WARNING * * *
You are more poisoned.
The killer bee poisons you! The killer bee misses you.
The killer bee barely misses you. The killer bee stings you.
You die...

##≈≈≈≈≈.##
##≈≈≈.##
####.#
#.#####
#.....#
#####.# #...#
#########y###
#......ryy@#
.#####?####
...y.......#
##.####.##.#
#.# # #.# #.#
∆ #.# #.#


You could see 3 killer bees and a rat.

Vanquished Creatures
  2 killer bees (D:3)
  4 gnolls
  2 adders
  An ooze (D:1)
  A worm (D:1)
  2 dart slugs (D:3)
  2 leopard geckos
  4 orcs (D:3)
  A ball python (D:3)
  8 bats
  12 giant cockroaches
  7 goblins
  2 hobgoblins (D:2)
  A quokka (D:1)
  8 frilled lizards
  7 kobolds
  7 rats
71 creatures vanquished.

Notes
Turn   | Place    | Note
-------+----------+-------------------------------------------
     0 | D:1      | JedernureinKreuz the Gnoll Conjurer began the quest for the
                  | Orb.
     0 | D:1      | Reached XP level 1. HP: 13/13 MP: 6/6
   183 | D:1      | Reached XP level 2. HP: 19/19 MP: 4/7
   927 | D:2      | Reached XP level 3. HP: 25/25 MP: 5/9
   943 | D:1      | Reached skill level 5 in Spellcasting
  1112 | D:1      | HP: 1/25 [bat (1)]
  1456 | D:2      | Reached skill level 1 in Invocations
  1490 | D:2      | Reached skill level 1 in Fighting
  1490 | D:2      | Reached skill level 1 in Short Blades
  1490 | D:2      | Reached skill level 1 in Long Blades
  1490 | D:2      | Reached skill level 1 in Axes
  1490 | D:2      | Reached skill level 1 in Maces & Flails
  1490 | D:2      | Reached skill level 1 in Polearms
  1490 | D:2      | Reached skill level 1 in Staves
  1490 | D:2      | Reached skill level 1 in Slings
  1490 | D:2      | Reached skill level 1 in Bows
  1490 | D:2      | Reached skill level 1 in Crossbows
  1490 | D:2      | Reached skill level 1 in Throwing
  1490 | D:2      | Reached skill level 1 in Armour
  1490 | D:2      | Reached skill level 1 in Shields
  1490 | D:2      | Reached skill level 1 in Unarmed Combat
  1490 | D:2      | Reached skill level 1 in Evocations
  1490 | D:2      | Reached XP level 4. HP: 24/32 MP: 4/11
  1620 | D:1      | HP: 1/32 [gnoll/club (7)]
  1920 | D:2      | Reached skill level 1 in Hexes
  1920 | D:2      | Reached skill level 1 in Charms
  1920 | D:2      | Reached skill level 1 in Summonings
  1920 | D:2      | Reached skill level 1 in Necromancy
  1920 | D:2      | Reached skill level 1 in Translocations
  1920 | D:2      | Reached skill level 1 in Transmutations
  1920 | D:2      | Reached skill level 1 in Fire Magic
  1920 | D:2      | Reached skill level 1 in Ice Magic
  1920 | D:2      | Reached skill level 1 in Air Magic
  1920 | D:2      | Reached skill level 1 in Earth Magic
  1920 | D:2      | Reached skill level 1 in Poison Magic
  2296 | D:2      | Found a radiant altar of Vehumet.
  2409 | D:2      | Found a stormy altar of Qazlal.
  2452 | D:3      | Reached XP level 5. HP: 34/37 MP: 8/12
  2527 | D:3      | Found a deep blue altar of Sif Muna.
  2566 | D:3      | Found a sacrificial altar of Ru.
  2595 | D:3      | Became a worshipper of Sif Muna the Loreminder
  2769 | D:3      | Found a snail-covered altar of Cheibriados.
  2836 | D:3      | Reached XP level 6. HP: 12/44 MP: 10/13
  2837 | D:3      | HP: 1/44 [killer bee (7)]
  2837 | D:3      | Slain by a killer bee

Skill      XL: |  1  2  3  4 |
---------------+-------------+-----
Spellcasting   | 5 |  5.2
Invocations    | 1 |  1.9
Fighting       | 1 |  1.7
Short Blades   | 1 |  1.7
Long Blades    | 1 |  1.7
Axes           | 1 |  1.7
Maces & Flails | 1 |  1.7
Polearms       | 1 |  1.7
Staves         | 1 |  1.7
Slings         | 1 |  1.7
Bows           | 1 |  1.7
Crossbows      | 1 |  1.7
Throwing       | 1 |  1.7
Armour         | 1 |  1.7
Shields        | 1 |  1.7
Unarmed Combat | 1 |  1.7
Evocations     | 1 |  1.7
Hexes          | 1 |  1.3
Charms         | 1 |  1.3
Summonings     | 1 |  1.3
Necromancy     | 1 |  1.3
Translocations | 1 |  1.3
Transmutations | 1 |  1.3
Fire Magic     | 1 |  1.3
Ice Magic      | 1 |  1.3
Air Magic      | 1 |  1.3
Earth Magic    | 1 |  1.3
Poison Magic   | 1 |  1.3
Dodging        | |  4.9
Stealth        | |  4.5
Conjurations   | |  7.2

Action                   |  1- 3 |  4- 6 || total
-------------------------+-------+-------++-------
Melee: Unarmed           |     3 |       ||     3
       Dagger            |    40 |    65 ||   105
       Bite              |     6 |     5 ||    11
Throw: Tomahawk          |    10 |       ||    10
 Cast: Magic Dart        |    41 |    52 ||    93
 Stab: Sleeping          |     1 |     2 ||     3
       Paralysed         |       |     1 ||     1
  Eat: Chunk             |     2 |     4 ||     6
Armor: Robe              |    16 |    12 ||    28
       Leather armour    |       |     2 ||     2
Dodge: Dodged            |    51 |    50 ||   101
Block: Buckler           |    28 |    22 ||    50
